 Dungeon Crawl Stone Soup version 0.17.1-1-g73c8601 (webtiles) character file.

9636 shmeve the Blocker (level 11, -1/90 HPs)
             Began as a Formicid Fighter on Apr 27, 2016.
             Was a High Priest of Okawaru.
             Slain by a yak (9 damage)
             ... on level 2 of the Lair of Beasts.
             The game lasted 00:24:15 (9302 turns).

shmeve the Blocker (Formicid Fighter)               Turns: 9302, Time: 00:24:15

Health: -1/90      AC: 20    Str: 24    XL:     11   Next: 78%
Magic:  11/13      EV: 11    Int:  8    God:    Okawaru [*****.]
Gold:   408        SH: 15    Dex: 10    Spells: 0 memorised, 10 levels left

rFire  . . .     SeeInvis +     H - +2 battleaxe (freeze)
rCold  . . .     Clarity  .     m - +0 plate armour
rNeg   + . .     SustAt   .     c - +1 shield
rPois  .         Gourm    .     (helmet unavailable)
rElec  .         Spirit   .     y - +0 cloak
rCorr  .         Warding  .     (no gloves)
rMut   .         Stasis   +     r - +1 pair of boots
MR     +....                    b - amulet of faith
Stlth  ..........               G - ring of positive energy
                                l - +1 ring of protection

@: heroism, somewhat resistant to hostile enchantments, extremely unstealthy
A: permanent stasis, dig shafts and tunnels, four strong arms, antennae 3
a: Dig, Shaft Self, Heroism, Renounce Religion


You were on level 2 of the Lair of Beasts.
You worshipped Okawaru.
Okawaru was extremely pleased with you.
You were hungry.

You visited 3 branches of the dungeon, and saw 12 of its levels.

You collected 408 gold pieces.

Inventory:

Hand Weapons
 H - a +2 battleaxe of freezing (weapon)
 I - a +0 arbalest
Missiles
 d - 10 poisoned bolts
 f - 127 bolts
 v - 11 silver bolts
Armour
 c - a +1 shield (worn)
 m - a +0 plate armour (worn)
 r - a +1 pair of boots (worn)
 y - a +0 cloak (worn)
Jewellery
 b - an amulet of faith (around neck)
 l - a +1 ring of protection (left hand)
 s - a +5 ring of evasion {unknown}
 G - a ring of positive energy (right hand)
Scrolls
 g - 4 scrolls of remove curse
 o - a scroll of amnesia
 p - a scroll of enchant armour
 w - a scroll of identify
 B - a scroll of recharging
Potions
 a - 2 potions of cancellation {unknown}
 h - a potion of magic {unknown}
 i - a potion of invisibility {unknown}
 k - a potion of brilliance {unknown}
 n - a potion of ambrosia {unknown}
 q - 2 potions of berserk rage {unknown}
 t - 2 potions of flight
 u - a potion of resistance {unknown}
 x - 2 potions of heal wounds {unknown}
 z - 2 potions of cure mutation
 F - 2 potions of agility
Comestibles
 e - 9 bread rations
 j - 5 meat rations
 A - a royal jelly
 C - 2 chunks of flesh
 D - a beef jerky
 J - 2 slices of pizza


   Skills:
 * Level 9.7(14.7) Fighting
 * Level 8.3(13.3) Axes
 + Level 5.9(10.9) Crossbows
 + Level 7.0(12.0) Armour
 + Level 5.0(10.0) Dodging
 * Level 10.5(15.5) Shields
 - Level 3.8 Invocations


You had 10 spell levels left.
You didn't know any spells.

Dungeon Overview and Level Annotations

Branches:
Dungeon (9/15)             Temple (1/1) D:7            Lair (2/8) D:9
    Orc: D:9-12

Altars:
Ashenzari
Kikubaaqudgha
Nemelex Xobeh
Okawaru
Qazlal
Sif Muna
Yredelemnul

Shops:
D:5 =   D:7 [

Annotations:
D:3 Blork the orc


Innate Abilities, Weirdness & Mutations

You are under a permanent stasis effect.
You can dig through walls and to a lower floor.
Your four strong arms can wield two-handed weapons with a shield.
You have a pair of large antennae on your head (SInv).


Message History

You kill the ten-headed hydra!
Okawaru is honoured by your kill. Something appears at your feet!
Okawaru grants you a gift!
Your base Armour skill increases to level 7!
Your base Dodging skill increases to level 5!
You barely miss the yak.
The yak is severely wounded.
You hit the yak but do no damage.
The yak is moderately wounded.
The yak gores you but does no damage. x2
You slice the yak!! You freeze the yak.
The yak is heavily wounded.
You hit the yak but do no damage.
The yak is moderately wounded.
You hit the yak. You freeze the yak.
The yak is almost dead.
You block the yak's attack. x2
The yak gores you but does no damage. The yak gores you!
You die...

#.........÷..†...
#P.......>.......
#................
##...............
##...............
#................
##...............
###...............>
#Y@................
#YYY....<.... ....
...(Y##........
.... #.....
######... ....
#..(.. ... ....
#..(... .. ....
##..... .... #....#
.... ....


You could see 5 yaks.

Vanquished Creatures
  A hydra (Lair:2)
  Erica (Lair:2)
  A black mamba (Lair:2)
  A spiny frog (Lair:1)
  3 komodo dragons (Lair:1)
  Grinder (D:4)
  The ghost of msp the Skirmisher, an amateur HaAs of Trog (D:5)
  A blink frog (Lair:2)
  2 yaks
  Eustachio (D:6)
  A deep elf fighter (D:9)
  2 hippogriffs
  2 basilisks
  A hungry ghost (D:7)
  4 wolves
  Edmund (D:6)
  A water moccasin (Lair:1)
  A porcupine (Lair:2)
  Purgy (D:3)
  2 sky beasts
  2 orc warriors
  5 centaurs
  An ice beast (D:8)
  3 phantoms
  3 black bears
  7 ogres
  5 crocodiles
  5 giant frogs
  A water moccasin zombie (D:8)
  A wyvern zombie (D:8)
  5 wights (D:7)
  4 crimson imps
  A centaur zombie (D:7)
  2 giant frog zombies
  4 orc priests
  A centaur skeleton (D:4)
  A jelly (D:7)
  5 worker ants
  4 hounds
  4 orc wizards
  Natasha (D:3)
  7 iguanas
  6 sheep (Lair:1)
  A hound zombie (D:9)
  A worker ant zombie (D:8)
  Robin (D:3)
  4 adders
  4 gnolls
  5 river rats (Lair:2)
  3 shadow imps
  A worm (D:5)
  3 giant geckos
  21 orcs
  A ball python (D:4)
  2 giant cockroaches
  12 goblins
  6 hobgoblins
  4 jackals (D:7)
  12 bats
  A giant cockroach zombie (D:5)
  A giant gecko skeleton (D:4)
  2 giant newts (D:3)
  6 kobolds
  3 quokkas
  A quokka skeleton (D:5)
  12 rats
  2 fungi (D:9)
216 creatures vanquished.

Notes
Turn   | Place    | Note
--------------------------------------------------------------
     0 | D:1      | shmeve the Formicid Fighter began the quest for the Orb.
     0 | D:1      | Reached XP level 1. HP: 18/18 MP: 1/1
   157 | D:1      | Reached XP level 2. HP: 24/24 MP: 2/2
   950 | D:3      | Noticed Purgy
   957 | D:3      | Killed Purgy
   957 | D:3      | Reached skill level 4 in Fighting
   957 | D:3      | Reached skill level 1 in Dodging
   957 | D:3      | Reached XP level 3. HP: 23/31 MP: 3/3
   957 | D:3      | Reached XP level 4. HP: 28/38 MP: 4/4
   957 | D:3      | Reached XP level 5. HP: 31/43 MP: 5/5
  1026 | D:3      | Noticed a sky beast
  1050 | D:3      | Killed a sky beast
  1050 | D:3      | Reached skill level 5 in Shields
  1050 | D:3      | Reached XP level 6. HP: 34/49 MP: 6/6
  1162 | D:3      | Noticed Robin
  1177 | D:3      | Killed Robin
  1628 | D:3      | Noticed Natasha
  1637 | D:3      | Killed Natasha
  1845 | D:3      | Noticed Blork the orc
  1853 | D:3      | Found a deep blue altar of Sif Muna.
  2038 | D:4      | Reached skill level 5 in Fighting
  2038 | D:4      | Reached XP level 7. HP: 29/56 MP: 7/7
  2816 | D:4      | Noticed Grinder
  2837 | D:4      | Killed Grinder
  2837 | D:4      | Reached skill level 6 in Shields
  3007 | D:4      | Reached XP level 8. HP: 62/64 MP: 8/8
  3008 | D:4      | Found a basalt altar of Yredelemnul.
  3304 | D:4      | Reached skill level 5 in Axes
  3862 | D:5      | Entered Level 5 of the Dungeon
  3894 | D:5      | Reached skill level 7 in Shields
  3927 | D:5      | Noticed msp's ghost (amateur HaAs)
  3944 | D:5      | Killed msp's ghost
  3944 | D:5      | Reached skill level 5 in Armour
  3944 | D:5      | Reached XP level 9. HP: 56/71 MP: 9/9
  4103 | D:5      | Found a stormy altar of Qazlal.
  4294 | D:5      | Found Jephiam's Jewellery Emporium.
  4354 | D:5      | Found an ancient bone altar of Kikubaaqudgha.
  4643 | D:6      | Reached skill level 8 in Shields
  4847 | D:6      | Noticed Eustachio
  4852 | D:6      | Killed Eustachio
  4905 | D:6      | Noticed Edmund
  4917 | D:6      | Killed Edmund
  4989 | D:6      | Found an iron altar of Okawaru.
  5006 | D:6      | Became a worshipper of Warmaster Okawaru
  5203 | D:6      | Reached skill level 1 in Crossbows
  5345 | D:7      | Found a shattered altar of Ashenzari.
  5432 | D:7      | Reached skill level 1 in Invocations
  5432 | D:7      | Reached XP level 10. HP: 65/80 MP: 10/10
  5517 | D:7      | Reached * piety under Okawaru
  5538 | D:7      | Found a staircase to the Ecumenical Temple.
  5599 | D:7      | Found Teyhuez's Armour Shop.
  5726 | D:7      | Got a smoking steel ring
  5728 | D:7      | Identified the ring "Efecek" {SustAt -Tele rN+++ Int+2 Dex-3} (You found it on level 7 of the Dungeon)
  5950 | D:7      | Reached skill level 5 in Crossbows
  6020 | Temple   | Entered the Ecumenical Temple
  6296 | D:8      | Reached ** piety under Okawaru
  6953 | D:8      | Found a sparkling altar of Nemelex Xobeh.
  7029 | D:9      | Reached skill level 9 in Shields
  7319 | D:9      | Found a staircase to the Lair.
  7330 | Lair:1   | Entered Level 1 of the Lair of Beasts
  7386 | Lair:1   | Reached *** piety under Okawaru
  7509 | Lair:1   | Reached XP level 11. HP: 87/87 MP: 13/13
  7877 | Lair:1   | Received a gift from Okawaru
  7877 | Lair:1   | Reached **** piety under Okawaru
  8330 | Lair:2   | Reached skill level 10 in Shields
  8396 | Lair:2   | Noticed Erica
  8414 | Lair:2   | Killed Erica
  8572 | Lair:2   | Found a basalt altar of Yredelemnul.
  9289 | Lair:2   | Noticed a seven-headed hydra
  9301 | Lair:2   | Killed a ten-headed hydra
  9301 | Lair:2   | Received a gift from Okawaru
  9301 | Lair:2   | Reached ***** piety under Okawaru
  9301 | Lair:2   | Reached skill level 5 in Dodging
  9302 | Lair:2   | Slain by a yak

Action                   |  1- 3 |  4- 6 |  7- 9 | 10-12 || total
-------------------------+-------+-------+-------+-------++-------
Melee: War axe           |    60 |   101 |   226 |    12 ||   399
       Battleaxe         |       |       |       |   203 ||   203
 Fire: Arbalest          |       |       |       |    71 ||    71
Invok: Heroism           |       |       |       |     1 ||     1
  Use: Potion            |     1 |       |     2 |     1 ||     4
       Scroll            |       |       |       |    15 ||    15
  Eat: Chunk             |       |     4 |     8 |    13 ||    25
       Fruit             |       |       |     4 |       ||     4
